AoeStats
← thinker

Nomad

503561538Analyzed
3v3 RM · 1mo ago on Sep 1, 2026· 67m 34s· 6 players
Game mode
Random Map
Map size
210×210
Population
200
Speed
Normal
Resources
Standard
Victory
Conquest
Starting age
Dark Age
Ending age
Imperial Age
RankedLock teamsTeams togetherTeam positionsShared explorationLock speedFull tech treeHidden civsTurbo modeCheats
Victory
Defeat
🇨🇳 Franks · China
978
+13
🇬🇷 Malians · Greece
829
+20
🇩🇪 Hindustanis · Germany
806
+21
🇨🇳 Vietnamese · China
942
-19
🇪🇸 Persians · Spain
907
-18
🇦🇺 Huns · Australia
876
-16
Mr Natas
15:23 Loom
17:08 Feudal Age
18:27 Fishing Lines
18:48 Double-Bit Axe
23:00 Castle Age
24:25 Medium Warships
24:07 Gillnets
24:23 Husbandry
24:33 Bloodlines
25:53 Forging
25:50 Scale Barding Armor
28:20 Iron Casting
28:06 Chain Barding Armor
30:31 Town Watch
31:22 Wheelbarrow
30:43 Gold Mining
33:11 Bow Saw
36:05 Imperial Age
35:43 Cavalier
37:06 Conscription
40:35 Heavy Camel Rider
42:20 Blast Furnace
41:56 Plate Barding Armor
43:05 Kamandaran
43:49 Savar
44:34 Fletching
46:08 Thumb Ring
49:49 Crossbowman
50:28 Bodkin Arrow
50:35 Padded Archer Armor
56:22 Ballistics
59:38 Chemistry
thinker
3:08 Loom
4:26 Loom
14:23 Feudal Age
17:06 Gold Mining
17:45 Fishing Lines
20:24 Castle Age
19:05 Double-Bit Axe
19:02 Horse Collar
19:19 Stone Mining
21:20 Heavy Plow
21:35 Gillnets
27:33 Bow Saw
32:20 Wheelbarrow
31:49 Gillnets
33:46 Hand Cart
38:17 Imperial Age
38:09 Fletching
38:20 Padded Archer Armor
40:31 Paper Money
40:49 Elite Rattan Archer
43:11 Leather Archer Armor
43:22 Ballistics
44:03 Chemistry
46:39 Two-Man Saw
46:17 Ring Archer Armor
45:42 Bodkin Arrow
48:09 Bracer
50:41 Elite Rattan Archer
51:21 Chatras
56:41 Thumb Ring
56:25 Elite Skirmisher
57:12 Imperial Skirmisher
59:37 Stone Shaft Mining
sebastienbohan95
14:25 Loom
16:28 Feudal Age
18:45 Horse Collar
21:51 Castle Age
21:42 Scale Barding Armor
21:49 Forging
22:46 Bloodlines
23:17 Chain Barding Armor
23:56 Wheelbarrow
25:47 Fletching
43:27 Imperial Age
44:14 Iron Casting
43:56 Husbandry
53:33 Elite Tarkan
54:19 Marauders
66:35 Plate Barding Armor
KLEGE_MOULIKO
5:06 Loom
16:26 Feudal Age
16:59 Double-Bit Axe
17:05 Gold Mining
21:29 Castle Age
22:44 Medium Warships
22:52 Town Watch
23:43 Wheelbarrow
24:00 Horse Collar
25:48 Gold Shaft Mining
25:25 Bow Saw
26:00 Hand Cart
28:26 Stone Mining
31:51 Heavy Plow
38:32 Imperial Age
40:10 Crop Rotation
40:30 Scale Mail Armor
41:54 Chemistry
41:30 Elite Gbeto
42:55 Onager
46:06 Chain Mail Armor
46:01 Forging
49:23 Plate Mail Armor
49:03 Forging
48:43 Fletching
51:39 Padded Archer Armor
51:34 Bodkin Arrow
51:49 Forging
53:30 Demolition Ship
59:45 Heavy Demolition Ship
63:57 Tigui
63:29 Sappers
64:35 Hoardings
65:18 Leather Archer Armor
65:39 Iron Casting
22155426
3:58 Loom
15:29 Feudal Age
17:13 Town Watch
20:15 Castle Age
19:29 Gold Mining
20:02 Scale Barding Armor
20:21 Fletching
29:46 Pikeman
40:26 Forging
42:29 Wheelbarrow
42:43 Stone Mining
44:05 Chain Barding Armor
45:07 Gold Shaft Mining
46:22 Scale Mail Armor
47:56 Iron Casting
47:18 Bodkin Arrow
48:45 Hand Cart
49:39 Chain Mail Armor
49:25 Padded Archer Armor
55:15 Imperial Age
55:48 Leather Archer Armor
55:21 Cavalier
56:35 Halberdier
58:44 Plate Mail Armor
62:57 Plate Barding Armor
63:23 Blast Furnace
63:43 Paladin
Lyan
5:31 Loom
18:06 Feudal Age
22:54 Castle Age
21:10 Fishing Lines
22:11 Double-Bit Axe
22:19 Gold Mining
22:34 Stone Mining
23:47 Wheelbarrow
25:00 Medium Warships
26:32 Gillnets
29:16 Pikeman
29:56 Squires
29:45 Arson
30:18 Forging
30:08 Scale Mail Armor
29:59 Fletching
30:11 Padded Archer Armor
30:18 Scale Barding Armor
45:58 Imperial Age
44:26 Hand Cart
45:33 Ballistics
45:35 Leather Archer Armor
45:15 Bodkin Arrow
45:56 Iron Casting
45:42 Chain Barding Armor
50:32 Bracer
51:03 Ring Archer Armor
51:35 Blast Furnace
53:25 Conscription
54:12 Heavy Cavalry Archer
56:42 Chemistry
57:41 Heavy Warships
59:37 Elite Skirmisher
62:15 Plate Barding Armor
62:27 Light Cavalry
63:19 Bloodlines
63:30 Hussar
Connection lost

Rejoining the realm…

Still unreachable

The connection could not be restored.

Session expired

The server has moved on; the page needs a fresh start.